[Event "XII Paracin Festival 2019"]
[Site "Paracin"]
[Date "2019.07.12"]
[Round "9.26"]
[White "Kecskemeti, Arpad"]
[Black "Chen, Peng"]
[Result "0-1"]
[ECO "B90"]
[WhiteElo "2230"]
[BlackElo "2328"]
[Annotator "ChessBase"]
[PlyCount "44"]
[EventDate "2019.07.05"]
[EventType "swiss"]
[EventCountry "SRB"]
[SourceTitle "playchess.com"]
[Source "ChessBase"]
[SourceQuality "1"]
[TimeControl "5400+30"]

1. e4 c5 2. Nf3 a6 3. Nc3 d6 4. d4 cxd4 5. Nxd4 Nf6 6. Be3 e6 7. a4 b6 8. Bd3 Bb7 9. f4 Nbd7 10. Qf3 g6 11. h3 Bg7 12. O-O O-O 13. Rad1 Qc7 14. g4 e5 15. Nde2 exf4 16. Nxf4 h6 17. Bd4 Rae8 18. Rde1 Nxe4 19. Bxe4 Bxd4+ 20. Kg2 Bxc3 21. bxc3 Rxe4 22. Rxe4 Nf6 0-1

[Event "XII Paracin Festival 2019"]
[Site "Paracin"]
[Date "2019.07.12"]
[Round "9.27"]
[White "Peng, Shunkai"]
[Black "Tanishka Kotia"]
[Result "1-0"]
[ECO "B01"]
[WhiteElo "2300"]
[BlackElo "1942"]
[Annotator "NA"]
[PlyCount "63"]
[EventDate "2019.07.05"]
[EventType "swiss"]
[EventCountry "SRB"]
[SourceTitle "playchess.com"]
[Source "ChessBase"]
[SourceQuality "1"]
[TimeControl "5400+30"]

1. e4 d5 2. exd5 Nf6 3. Nf3 Qxd5 4. d4 Bg4 5. Be2 Nc6 6. O-O O-O-O 7. Be3 e5 8. c4 Qa5 9. d5 Bxf3 10. Bxf3 Bc5 11. Bd2 Bb4 12. dxc6 Bxd2 13. Qc2 e4 14. Bxe4 Nxe4 15. Qxe4 Rhe8 16. Qc2 Bf4 17. Nc3 bxc6 18. Rad1 Qh5 19. g3 Re6 20. Rxd8+ Kxd8 21. Qd1+ Qxd1 22. Rxd1+ Bd6 23. c5 Ke7 24. cxd6+ cxd6 25. Rd4 Kf6 26. Kf1 d5 27. Ra4 Ke5 28. Rxa7 d4 29. Nb1 Kf6 30. Nd2 c5 31. b3 Rc6 32. Ke2 1-0

[Event "XII Paracin Festival 2019"]
[Site "Paracin"]
[Date "2019.07.12"]
[Round "9.28"]
[White "Boldoo, Erdenepurev"]
[Black "Kanov, Nikola"]
[Result "1-0"]
[ECO "A65"]
[WhiteElo "2295"]
[BlackElo "1908"]
[Annotator "NA"]
[PlyCount "103"]
[EventDate "2019.07.05"]
[EventType "swiss"]
[EventCountry "SRB"]
[SourceTitle "playchess.com"]
[Source "ChessBase"]
[SourceQuality "1"]
[TimeControl "5400+30"]

1. d4 Nf6 2. c4 c5 3. d5 e6 4. Nc3 exd5 5. cxd5 d6 6. e4 g6 7. Bd3 Bg7 8. h3 O-O 9. Nf3 b5 10. Nxb5 Nxe4 11. Bxe4 Re8 12. Ng5 f5 13. O-O fxe4 14. Re1 a6 15. Nc3 e3 16. Bxe3 h6 17. Ne6 Bxe6 18. dxe6 Nc6 19. Ne4 Nd4 20. Bxd4 Bxd4 21. Qg4 Kh7 22. Rad1 Ra7 23. b4 Qe7 24. Kh1 Kg7 25. Nxd6 Qxd6 26. bxc5 Qxc5 27. Qxd4+ Qxd4 28. Rxd4 Rb7 29. Re2 Ree7 30. Rd6 a5 31. Ra6 Rb5 32. g3 Kf6 33. Kg2 Rc5 34. Re3 Rd5 35. Ra3 Rxe6 36. R3xa5 Rxa5 37. Rxa5 Re2 38. Ra8 Rc2 39. a4 Ra2 40. a5 Ra3 41. a6 Kg7 42. a7 Kh7 43. f4 Kg7 44. g4 Ra2+ 45. Kf3 Ra3+ 46. Ke4 Ra4+ 47. Kd3 Ra3+ 48. Kc2 Ra2+ 49. Kb3 Ra1 50. f5 Rb1+ 51. Kc2 Rb7 52. Rg8+ 1-0

[Event "XII Paracin Festival 2019"]
[Site "Paracin"]
[Date "2019.07.12"]
[Round "9.29"]
[White "Banovic, Ivan"]
[Black "Gan-Od, Sereenen"]
[Result "0-1"]
[ECO "A39"]
[WhiteElo "2227"]
[BlackElo "2294"]
[Annotator "NA"]
[PlyCount "106"]
[EventDate "2019.07.05"]
[EventType "swiss"]
[EventCountry "SRB"]
[SourceTitle "playchess.com"]
[Source "ChessBase"]
[SourceQuality "1"]
[TimeControl "5400+30"]

1. Nf3 Nf6 2. c4 g6 3. Nc3 Bg7 4. g3 O-O 5. Bg2 c5 6. O-O Nc6 7. d4 cxd4 8. Nxd4 Qa5 9. Nb3 Qh5 10. e3 Qxd1 11. Rxd1 d6 12. c5 dxc5 13. Nxc5 e5 14. Rb1 Rb8 15. b3 Bg4 16. f3 Bf5 17. e4 Bc8 18. Bf1 Nd4 19. Kf2 b6 20. Na6 Bxa6 21. Bxa6 b5 22. a4 bxa4 23. bxa4 Rxb1 24. Nxb1 Rb8 25. Nc3 Rb3 26. Bd2 Nd7 27. Rb1 Nc5 28. Be2 Rxb1 29. Nxb1 Nxa4 30. Bc4 Bf8 31. Ba5 Bc5 32. Kg2 Nb6 33. Ba2 Nc6 34. Bd2 Kg7 35. Nc3 Bb4 36. Kf1 Nd4 37. Kf2 a5 38. Nb1 Bc5 39. Be3 a4 40. Nc3 a3 41. Nd5 Nd7 42. Bxd4 Bxd4+ 43. Ke2 Nc5 44. Kd2 Bg1 45. Ke2 h5 46. h4 Bd4 47. Nc7 Nb7 48. f4 Nd6 49. Kf3 Bb2 50. Bd5 Kf8 51. g4 hxg4+ 52. Kxg4 Nxe4 53. Kf3 Nc3 0-1

[Event "XII Paracin Festival 2019"]
[Site "Paracin"]
[Date "2019.07.12"]
[Round "9.30"]
[White "Uzumcu, Ahmet Utku"]
[Black "Stefansson, Vignir Vatnar"]
[Result "1/2-1/2"]
[ECO "B33"]
[WhiteElo "2201"]
[BlackElo "2293"]
[Annotator "ChessBase"]
[PlyCount "48"]
[EventDate "2019.07.05"]
[EventType "swiss"]
[EventCountry "SRB"]
[SourceTitle "playchess.com"]
[Source "ChessBase"]
[SourceQuality "1"]
[TimeControl "5400+30"]

1. e4 c5 2. Nf3 Nc6 3. d4 cxd4 4. Nxd4 Nf6 5. Nc3 e5 6. Ndb5 d6 7. Bg5 a6 8. Na3 Be6 9. Nc4 Rc8 10. Ne3 Be7 11. Bxf6 Bxf6 12. Ncd5 Bg5 13. c3 Bxe3 14. Nxe3 Ne7 15. Be2 O-O 16. Bf3 Qb6 17. Qd2 Rcd8 18. O-O Rd7 19. Rfd1 Rfd8 20. Qe2 Qc7 21. Rd2 d5 22. exd5 Nxd5 23. Nxd5 Bxd5 24. Bg4 Be6 1/2-1/2